AoeStats
← x316f72girp

Highland

505665240Analyzed
4v4 RM · 21d ago on Sep 10, 2026· 46m 45s· 8 players
Game mode
Random Map
Map size
Large (8 player)
Population
200
Speed
Normal
Resources
Standard
Victory
Conquest
Starting age
Dark Age
Ending age
Imperial Age
RankedLock teamsTeams togetherTeam positionsShared explorationLock speedFull tech treeHidden civsTurbo modeCheats
Victory
Defeat
🇨🇳 Slavs · China
1165
+11
🇨🇳 Huns · China
1083
+15
🇨🇳 Wu · China
1055
+16
🇨🇳 Vikings · China
986
+19
🇹🇼 Magyars · Taiwan
1075
-16
🇹🇼 Maya · Taiwan
1064
-16
🇦🇺 Persians · Australia
1046
-15
🇹🇼 Franks · Taiwan
1035
-14
Schleb
3:15 Loom
10:33 Feudal Age
15:49 Castle Age
13:51 Horse Collar
19:10 Double-Bit Axe
20:45 Bow Saw
23:19 Heavy Plow
28:05 Bloodlines
28:02 Scale Barding Armor
29:08 Chain Barding Armor
31:50 Imperial Age
29:58 Wheelbarrow
30:15 Husbandry
30:23 Husbandry
30:35 Forging
32:04 Iron Casting
31:32 Cavalier
33:39 Two-Man Saw
33:17 Crop Rotation
34:04 Blast Furnace
33:40 Plate Barding Armor
34:08 Hand Cart
34:08 Gambesons
34:07 Savar
35:11 Town Watch
36:05 Town Patrol
37:00 Conscription
steve95741886
0:35 Loom
10:35 Feudal Age
17:36 Castle Age
15:34 Horse Collar
18:34 Medium Warships
24:54 Fletching
25:04 Padded Archer Armor
27:48 Bodkin Arrow
28:21 Padded Archer Armor
29:23 Gold Mining
29:45 Fishing Lines
30:44 Double-Bit Axe
31:06 Padded Archer Armor
31:28 Crossbowman
32:16 Thumb Ring
33:23 Heavy Plow
33:45 Leather Archer Armor
35:11 Wheelbarrow
35:58 Stone Mining
36:21 Bow Saw
40:11 Imperial Age
39:42 Hand Cart
40:59 Ballistics
41:17 Conscription
40:28 Elite Plumed Archer
43:45 Stone Shaft Mining
43:54 Bracer
44:24 Ring Archer Armor
ShuShu
3:24 Loom
10:42 Feudal Age
11:30 Double-Bit Axe
17:02 Castle Age
18:12 Scale Barding Armor
19:18 Wheelbarrow
19:55 Horse Collar
23:28 Heavy Plow
26:37 Stone Mining
27:09 Fletching
29:19 Hand Cart
30:35 Padded Archer Armor
30:29 Town Watch
31:04 Bodkin Arrow
31:58 Corvinian Army
32:42 Bloodlines
32:33 Husbandry
32:57 Bow Saw
38:18 Imperial Age
36:27 Chain Barding Armor
39:23 Conscription
39:46 Plate Barding Armor
40:23 Two-Man Saw
39:57 Crop Rotation
39:51 Recurve Bow
42:10 Parthian Tactics
42:04 Leather Archer Armor
43:30 Sappers
x316f72girp
11:27 Feudal Age
9:45 Loom
13:08 Double-Bit Axe
14:57 Forging
17:55 Castle Age
16:33 Wheelbarrow
20:24 Iron Casting
20:20 Husbandry
33:20 Imperial Age
31:08 Gold Mining
33:15 Scale Barding Armor
33:56 Cavalier
35:24 Conscription
37:24 Chain Barding Armor
秋名山汤圆
3:13 Loom
12:27 Feudal Age
17:51 Castle Age
18:48 Wheelbarrow
21:23 Double-Bit Axe
24:02 Fletching
24:12 Padded Archer Armor
24:26 Fishing Lines
26:31 Horse Collar
28:55 Bodkin Arrow
29:16 Leather Archer Armor
32:27 Imperial Age
31:12 Ballistics
32:52 Red Cliffs Tactics
35:05 Bracer
35:14 Gold Mining
35:15 Stone Mining
37:07 Hand Cart
39:10 Elite Fire Archer
41:20 Conscription
44:44 Chemistry
45:36 Sitting Tiger
高老头子
8:32 Loom
13:24 Feudal Age
19:07 Castle Age
18:12 Fletching
18:20 Double-Bit Axe
19:41 Fishing Lines
21:03 Squires
21:07 Stone Mining
21:32 Bodkin Arrow
21:45 Gillnets
25:56 Gold Mining
25:49 Horse Collar
29:32 Scale Mail Armor
29:43 Forging
30:04 Bow Saw
30:19 Gambesons
30:54 Heavy Plow
36:30 Imperial Age
34:24 Chain Mail Armor
34:44 Iron Casting
33:48 Pikeman
34:13 Arson
35:30 Gold Shaft Mining
35:25 Padded Archer Armor
35:48 Ballistics
36:50 Leather Archer Armor
37:45 Iron Casting
38:46 Chemistry
39:45 Plate Mail Armor
39:23 Elite Cannon Galleon
40:35 Conscription
41:29 Blast Furnace
40:30 Bracer
41:47 Elite Skirmisher
41:55 Man-at-Arms
43:10 Crop Rotation
44:48 Elite Longship
45:32 Bogsveigar
46:10 Ring Archer Armor
一叶知秋
5:40 Loom
11:06 Feudal Age
17:59 Castle Age
16:33 Double-Bit Axe
16:59 Horse Collar
21:17 Wheelbarrow
21:23 Bow Saw
21:25 Heavy Plow
25:04 Hand Cart
28:19 Squires
27:43 Man-at-Arms
28:23 Pikeman
29:30 Forging
30:11 Scale Mail Armor
30:49 Iron Casting
33:43 Imperial Age
31:59 Chain Mail Armor
31:12 Long Swordsman
32:20 Gold Mining
32:43 Detinets
33:36 Town Watch
33:52 Fletching
34:01 Capped Ram
34:06 Two-Handed Swordsman
35:03 Siege Ram
36:26 Champion
38:24 Blast Furnace
39:05 Plate Mail Armor
39:07 Padded Archer Armor
41:15 Two-Man Saw
40:54 Halberdier
44:32 Town Patrol
小红的蛋蛋
10:42 Feudal Age
14:57 Castle Age
13:53 Double-Bit Axe
14:32 Horse Collar
16:17 Bow Saw
21:49 Gold Mining
23:57 Wheelbarrow
24:08 Stone Mining
24:26 Heavy Plow
29:41 Imperial Age
27:27 Hand Cart
27:19 Town Watch
27:19 Loom
27:53 Thumb Ring
27:43 Fletching
28:42 Gold Shaft Mining
28:52 Bodkin Arrow
28:58 Padded Archer Armor
29:51 Ballistics
30:37 Leather Archer Armor
30:27 Husbandry
30:37 Bloodlines
31:25 Parthian Tactics
30:23 Heavy Cavalry Archer
31:23 Town Patrol
32:35 Chemistry
30:57 Elite Skirmisher
32:27 Bracer
32:53 Conscription
38:45 Masonry
38:31 Murder Holes
39:07 Marauders
39:19 Forging
39:15 Scale Barding Armor
Connection lost

Rejoining the realm…

Still unreachable

The connection could not be restored.

Session expired

The server has moved on; the page needs a fresh start.